 Dungeon Crawl Stone Soup version 0.29.1-12-g30fa7ad0bf (webtiles) character file.

Game seed: 3675801000996183291

543686 Sheol the Conqueror (level 24, -4/239 (249) HPs)
             Began as a Minotaur Berserker on Dec 28, 2022.
             Was a High Priest of Trog.
             Slain by a death scarab (6 damage)
             ... summoned by a royal mummy
             ... on level 2 of the Tomb of the Ancients on Jan 16, 2023.
             The game lasted 06:55:25 (114411 turns).

Sheol the Conqueror (Minotaur Berserker)          Turns: 114411, Time: 06:55:26

HP:   -4/239 (249)  AC: 38    Str: 40      XL:     24   Next: 82%
MP:   7/7           EV: 18    Int:  6 (10) God:    Trog [*****.]
Gold: 4031          SH: 29    Dex: 13 (15) Spells: 23/23 levels left

rFire   . . .      SeeInvis +   G - +9 morningstar (antimagic)
rCold   . . .      Faith    .   e - +8 tower shield "Koyhim" {Rampage Str+4}
rNeg    . . .      Spirit   .   C - +8 chain mail "Vuir" {Str+4}
rPois   .          Reflect  .   Z - +1 hat "Tekky" {Dex+3 Slay+3}
rElec   .          Harm     .   M - +1 cloak {rCorr}
rCorr   +          Rampage  ∞   n - +2 pair of gloves
Will    +++..      Rage     3%  l - +3 pair of seven-league boots {Rampage+∞}
Stlth   ..........              H - amulet of the acrobat
HPRegen 1.49/turn               R - ring of see invisible
MPRegen 0.10/turn               V - +6 ring of intelligence

@: lethally poisoned (-4 -> -5), marked, strong-willed (expiring), on berserk
cooldown, regenerating (expiring), slowed, studying 3 skills, lightly drained,
unable to drink, very slow
A: horns 2, retaliatory headbutt, berserk 1, inability to drink after injury 1
}: 3/15 runes: decaying, serpentine, silver
a: Renounce Religion, Berserk, Trog's Hand, Brothers in Arms


You were on level 2 of the Tomb of the Ancients.
You worshipped Trog.
Trog was extremely pleased with you.
You visited 9 branches of the dungeon, and saw 43 of its levels.
You visited the Abyss 1 time.
You also visited: Sewer and Bailey.

You collected 8032 gold pieces.
You spent 4001 gold pieces at shops.

Inventory:

Hand Weapons
 G - a +9 antimagic morningstar (weapon)
Armour
 e - the +8 tower shield "Koyhim" (worn) {Rampage Str+4}
   (You acquired it on level 13 of the Dungeon)

   Str:       It affects your strength (+4).
   Rampage:   It bestows one free step when moving towards enemies.
 l - the +3 pair of seven-league boots (worn) {Rampage+∞}
   (You found it on level 5 of the Vaults)

   Its wearer moves as far as possible in that direction when moving towards
   enemies.
 n - a +2 pair of gloves (worn)
 C - the +8 chain mail "Vuir" (worn) {Str+4}
   (You found it on level 7 of the Dungeon)

   Str:       It affects your strength (+4).
 M - a +1 cloak of preservation (worn)
 Z - the +1 hat "Tekky" (worn) {Dex+3 Slay+3}
   (You acquired it on level 2 of the Orcish Mines)

   Dex:       It affects your dexterity (+3).
   Slay:      It affects your accuracy & damage with ranged weapons and melee
   (+3).
Jewellery
 k - a ring of ice
 p - a +6 ring of dexterity
 A - the ring of Resumed Hostilities {Ice rN+ Slay+5}
   (You took it off a deep elf death mage on level 3 of the Elven Halls)

   [ring of ice]

   It enhances your ice magic.
   Slay:      It affects your accuracy & damage with ranged weapons and melee
   (+5).
   rF:        It makes you vulnerable to fire.
   rC:        It protects you from cold.
   rN:        It protects you from negative energy.
 F - a +4 ring of evasion
 H - an amulet of the acrobat (around neck)
 P - a ring of resist corrosion
 R - a ring of see invisible (left hand)
 V - a +6 ring of intelligence (right hand)
Wands
 f - a wand of roots (7)
 q - a wand of flame (10)
Scrolls
 a - 3 scrolls of silence
 c - 7 scrolls of fog
 g - 8 scrolls of enchant armour
 j - 10 scrolls of immolation
 o - 13 scrolls of poison
 t - 23 scrolls of teleportation
 u - a scroll of blinking
 y - 9 scrolls of fear
 D - 3 scrolls of enchant weapon
 E - 5 scrolls of magic mapping
 I - 12 scrolls of vulnerability
 N - a scroll of summoning
 S - 4 scrolls of torment
Potions
 b - 8 potions of magic
 d - 3 potions of invisibility
 h - 8 potions of haste
 i - 8 potions of might
 m - 14 potions of curing
 r - 4 potions of ambrosia
 s - a potion of lignification
 v - 8 potions of cancellation
 w - 13 potions of heal wounds
 L - 2 potions of resistance


   Skills:
 O Level 27 Fighting
 + Level 22.4 Maces & Flails
 + Level 24.4 Armour
 + Level 20.5 Dodging
 + Level 21.0 Shields
 + Level 15.2 Evocations


You had 23 spell levels left.
You didn't know any spells.
Your spell library was empty.

Dungeon Overview and Level Annotations

Branches:
Dungeon (15/15)            Temple (0/1) D:7            Lair (5/5) D:8
  Swamp (4/4) Lair:2        Snake (4/4) Lair:3        Slime (0/5) Lair:5
    Orc (2/2) D:12            Elf (3/3) Orc:2        Vaults (5/5) D:13
  Crypt (3/3) Vaults:2       Tomb (2/3) Crypt:3      Depths (0/4) D:15
  Sewer (visited)          Bailey (visited)

Altars:
Ashenzari
Cheibriados
Dithmenos
Elyvilon
Fedhas
Kikubaaqudgha
Nemelex Xobeh
Okawaru
Qazlal
Ru
Sif Muna
Trog
Vehumet
Wu Jian
The Shining One

Shops:
D:4 :   D:5 :   Orc:1 [   Orc:2 *((:(   Elf:2 (*   Vaults:1 [   Vaults:2 ?
Vaults:4 :   Vaults:5 !

Portals:
Trove: D:15 (give 19 potions of curing)

Annotations:
Snake:4 6 transporters


Innate Abilities, Weirdness & Mutations

You have a pair of horns on your head.
You reflexively headbutt those who attack you in melee.
You sometimes lose your temper in combat.
You occasionally lose the ability to drink potions when taking damage.


Message History

The death scarab enters a dispersal trap!
The death scarab blinks!
The emperor scorpion blinks!
The death scarab blinks! x2
The storm dragon zombie blinks!
The mummy blinks!
The anaconda skeleton blinks!
The death scarab blinks! x7; You block the death scarab's attack.
The royal mummy falters for a moment.
The mummy priest invokes the aid of its god against you.
Something smites you!
* * * LOW HITPOINT WARNING * * *
You cannot drink potions in your current state!
Blink to where?
Press: ? - help, Q - select action, (/) - cycle Dir - move target
As you read the scroll of blinking, it crumbles to dust.
You feel the effects of Trog's Hand fading.
* * * LOW HITPOINT WARNING * * *
You feel very sick.
The death scarab enters a dispersal trap!
The death scarab blinks!
The guardian mummy blinks!
The death scarab blinks!
The emperor scorpion blinks!
The death scarab blinks!
The guardian mummy blinks!
The death scarab blinks!
The black mamba skeleton blinks!
The death scarab blinks!
The royal mummy blinks!
The guardian mummy blinks!
The ushabti blinks!
The flayed ghost blinks!
The guardian mummy blinks!
The death scarab blinks! x3
The black mamba skeleton blinks!
The jiangshi blinks!
You blink.
The death scarab blinks!
The death scarab enters a dispersal trap!
The death scarab blinks! x3; The guardian mummy blinks! x2
The death scarab blinks! x4; The flayed ghost blinks!
The guardian mummy blinks!
The death scarab blinks!
The emperor scorpion blinks!
You blink.
You block the death scarab's attack.
The death scarab bites you but does no damage.
You block the death scarab's attack.
The royal mummy gestures wildly while chanting.
The flayed ghost cries, "Feel what I felt!"
The anaconda skeleton closely misses you.
You furiously retaliate!
You headbutt the anaconda skeleton!!
You block the anaconda skeleton's attack.
You block the guardian mummy's attack. The death scarab barely misses you.
You furiously retaliate!
You headbutt the death scarab! The death scarab bites you.
You die...

########+#########
.B.....?.........#
.....B.M.........)...#
....^MB...B.M..Z....#
..B.B...Z.B§....M..#
#......BM@BB....##.
..##.....##BBBB.§..##.#
.......B##BWM.§....M..#
.....§§§.§B§§§.^.B.M..#
#§.§§§.§§.##.M..# .
##..B§.§.###B..$#
..##.......##.....#
..§..§§.B.§.§..#..#
..§..§..§§°...?.#


You could see 2 royal mummies, a mummy priest, a flayed ghost (summoned), 2
guardian mummies, 16 death scarabs, a mummy, a storm dragon zombie and an
anaconda skeleton.

Vanquished Creatures
  2 dread liches
  Sojobo (Crypt:3)
  2 royal mummies (Tomb:1)
  Vashnia (Snake:4)
  Saint Roka (D:13)
  Nikola (Swamp:4)
  2 tentacled monstrosities
  The ghost of Mosidoga the Executioner, an adept HOBe of Trog (Swamp:1)
  2 deep elf blademasters
  3 titans (Vaults:4)
  3 liches
  A quicksilver dragon (Vaults:4)
  Asterion (Elf:1)
  5 ancient champions
  Agnes (Elf:2)
  Gastronok (Orc:1)
  4 tengu reavers
  9 sphinxes
  The ghost of Peloso the Peltast, an adept MiFi of Okawaru (Elf:1)
  A thorn hunter (Swamp:3)
  3 shadow dragons (Vaults:4)
  12 nagarajas
  Donald (Snake:3)
  3 revenants
  A storm dragon (Vaults:4)
  2 fenstrider witches
  Roxanne (D:15)
  A fire giant (Vaults:4)
  A frost giant (Vaults:5)
  3 iron dragons
  2 deep elf sorcerers (Elf:3)
  Aizul (Vaults:2)
  17 vault wardens
  7 ghouls
  3 orc warlords
  A juggernaut zombie (Crypt:3)
  2 curse skulls
  18 ironbound preservers
  4 deep elf elementalists (Elf:3)
  A spriggan defender (Swamp:1)
  3 reapers
  2 stone giants (Vaults:4)
  A war gargoyle (Vaults:5)
  4 deep elf demonologists
  9 vampire knights
  6 ironbound thunderhulks
  14 deep elf annihilators
  8 very ugly things
  2 bennus (Crypt:3)
  3 entropy weavers
  21 dire elephants
  7 bunyips
  6 eleionomae
  5 ettins
  10 eidola
  9 deep elf death magi
  3 shambling mangroves
  6 deep elf high priests
  A fire dragon (Lair:5)
  7 jiangshi (Crypt:3)
  14 yaktaur captains
  9 great orbs of eyes
  34 vault guards
  5 boulder beetles
  2 spriggan zombies
  3 salamander tyrants
  7 mummy priests
  29 hydras
  A peacekeeper (Vaults:1)
  5 ghost crabs
  A rakshasa (D:15)
  4 ogre magi
  7 ironbound frosthearts
  6 anacondas
  A boulder beetle (shapeshifter) (Vaults:4)
  4 two-headed ogres
  A satyr (shapeshifter) (Vaults:4)
  A fenstrider witch skeleton (Crypt:3)
  5 death knights
  21 naga warriors
  12 centaur warriors
  32 dancing weapons
  A deep troll shaman (Crypt:1)
  4 tengu warriors
  11 vampire magi
  4 alligators
  6 shock serpents
  7 orc high priests
  3 spriggan berserkers
  2 hell knights (Vaults:4)
  19 naga sharpshooters
  A storm dragon zombie (Crypt:3)
  22 deep elf knights
  4 salamander mystics
  2 shadow wraiths
  4 goliath frogs
  31 skeletal warriors
  5 large abominations (Elf:1)
  5 sea snakes (Snake:4)
  36 deep trolls
  3 spriggan druids
  4 flayed ghosts
  2 glowing orange brains
  13 swamp dragons
  3 bog bodies
  5 naga ritualists
  9 wizards
  An orb spider (shapeshifter) (D:15)
  13 phantasmal warriors
  16 deep elf archers
  A jorogumo zombie (Crypt:2)
  16 lindwurms
  3 shadow dragon zombies
  6 necromancers
  28 deep elf zephyrmancers
  A broodmother zombie (Crypt:1)
  17 ironbound convokers
  23 orc knights
  2 stone giant zombies
  The ghost of aeroqp the Zephyrmancer, a novice TeAE (D:7)
  23 deep elf pyromancers
  32 ugly things
  7 mana vipers
  5 oklob plants
  3 will-o-the-wisps
  A cyclops (shapeshifter) (Elf:3)
  4 cyclopes
  28 salamanders
  2 manticores
  A moth of wrath (Swamp:1)
  Maurice (D:10)
  A dire elephant zombie (Crypt:3)
  2 frost giant skeletons
  14 vault sentinels
  A goliath frog skeleton (Crypt:3)
  Joseph (D:7)
  3 spectral iron trolls (Crypt:2)
  15 naga magi
  28 black mambas
  A cane toad (shapeshifter) (Vaults:4)
  3 alligator snapping turtle zombies (Crypt:3)
  2 naga skeletons
  A red draconian zombie (Crypt:2)
  8 cane toads
  2 gargoyles
  15 komodo dragons
  An unseen horror (shapeshifter) (Vaults:4)
  9 guardian serpents
  2 unseen horrors
  A minotaur zombie (Crypt:1)
  A rime drake (Lair:5)
  A rime drake (shapeshifter) (D:14)
  2 spectral deep trolls (Crypt:2)
  10 freezing wraiths
  21 guardian mummies
  A minotaur skeleton (Crypt:3)
  2 efreet
  23 yaktaurs
  2 harpy zombies
  An unseen horror skeleton (Crypt:1)
  A mana viper zombie (Crypt:3)
  14 polar bears
  3 human zombies
  7 trolls
  A bloated husk (Swamp:3)
  Prince Ribbit (D:5)
  An iron troll skeleton (Crypt:2)
  A tengu simulacrum (Vaults:3)
  7 tyrant leeches
  29 blink frogs
  19 hornets
  6 dream sheep (Lair:3)
  A jumping spider zombie (Crypt:1)
  A tarantella (Vaults:5)
  3 harpy skeletons
  38 slime creatures
  2 human simulacra
  3 raiju (Lair:5)
  A frost giant simulacrum (Vaults:3)
  A jumping spider (shapeshifter) (Elf:1)
  2 ettin skeletons (Vaults:2)
  An air elemental (Elf:1)
  7 flying skulls
  A black mamba zombie (Crypt:3)
  A centaur simulacrum (Crypt:3)
  A culicivora (Vaults:3)
  8 wraiths
  A shadow (D:9)
  A spriggan (shapeshifter) (Elf:2)
  15 spriggans
  3 water elementals
  6 wyverns
  29 vampires
  40 yaks
  2 ushabtiu (Tomb:2)
  3 fire elementals
  A golden eye (shapeshifter) (Vaults:4)
  7 basilisks
  7 redbacks
  A faun zombie (Crypt:2)
  6 steam dragons
  15 vampire mosquitoes
  A harpy simulacrum (Crypt:3)
  17 swamp worms
  11 wargs
  3 acid dragons
  A demonspawn skeleton (Crypt:1)
  49 nagas
  14 hell hounds (Lair:5)
  18 water moccasins
  A floating eye (shapeshifter) (Vaults:4)
  8 swamp drakes
  A glowing shapeshifter skeleton (Vaults:3)
  4 ice beasts
  13 black bears
  A swamp dragon zombie (Crypt:3)
  A hornet zombie (Vaults:1)
  50 orc warriors
  2 ettin simulacra
  A human skeleton (Vaults:2)
  4 centaurs
  A phantom (D:5)
  24 wolves
  13 ogres
  A shining eye zombie (Crypt:3)
  An elf zombie (Elf:1)
  13 bullfrogs
  3 necrophages
  4 earth elementals
  6 scorpions
  3 gnoll sergeants
  8 wights (D:9)
  A hornet simulacrum (D:7)
  A water moccasin skeleton (Crypt:2)
  A warg skeleton (Crypt:1)
  13 killer bees
  2 howler monkeys
  8 vampire bats (Bailey)
  5 wolf zombies (Bailey)
  3 lava snakes
  A black bear zombie (Crypt:2)
  11 jellies
  5 hounds
  38 orc priests
  11 iguanas
  An iron imp (D:5)
  Terence (D:2)
  11 hell rats
  28 orc wizards
  An acid dragon skeleton (Crypt:3)
  A hound zombie (Crypt:3)
  24 mummies
  19 gnolls
  10 adders
  3 river rats
  A shadow imp (D:5)
  5 white imps
  3 ufetubi
  5 worms
  A dart slug (D:1)
  123 orcs
  18 endoplasms
  3 giant cockroaches
  7 goblins
  13 hobgoblins
  6 quokkas
  22 ball pythons
  A ball python zombie (Crypt:3)
  5 bats
  15 frilled lizards
  A hobgoblin skeleton (Crypt:1)
  4 kobolds
  22 orc zombies (Bailey)
  A quokka skeleton (Crypt:1)
  35 rats
  A briar patch (Swamp:3)
2139 creatures vanquished.

Vanquished Creatures (collateral kills)
  The ghost of Dittersdorf the Severer, an adept MiBe of Trog (Snake:3)
  A naga warrior (Snake:3)
  2 deep elf archers (Elf:3)
  An ushabti (Tomb:2)
5 creatures vanquished.

Vanquished Creatures (others)
  An ogre mage (Vaults:5)
  2 deep elf knights
  A wizard (D:11)
  A deep elf pyromancer (Elf:1)
  A swamp drake (Swamp:4)
  5 briar patches (Swamp:3)
  5 bushes (Lair:2)
  18 foxfires
  42 fungi
  116 plants
192 creatures vanquished.

Grand Total: 2336 creatures vanquished

Notes
Turn   | Place    | Note
-------+----------+-------------------------------------------
     0 | D:1      | Sheol the Minotaur Berserker began the quest for the Orb.
     0 | D:1      | Reached XP level 1. HP: 19/19 MP: 0/0
   210 | D:1      | Reached XP level 2. HP: 27/27 MP: 1/1
   238 | D:1      | Reached skill level 4 in Fighting
   679 | D:1      | Reached XP level 3. HP: 33/33 MP: 2/2
   688 | D:1      | Reached ** piety under Trog
  1255 | D:2      | Found a faded altar of an unknown god.
  1994 | D:2      | Reached XP level 4. HP: 41/41 MP: 3/3
  2138 | D:2      | Noticed Terence
  2143 | D:2      | Killed Terence
  2351 | D:3      | Noticed a necrophage
  2361 | D:3      | Killed a necrophage
  2362 | D:3      | Reached skill level 5 in Fighting
  2362 | D:3      | Reached XP level 5. HP: 48/48 MP: 4/4
  2822 | D:4      | Found a stormy altar of Qazlal.
  2967 | D:4      | Found Eviovyu's Vocational Training.
  3028 | D:4      | Reached *** piety under Trog
  3097 | D:4      | Found a broken altar of Ashenzari.
  3155 | D:4      | Reached XP level 6. HP: 57/57 MP: 5/5
  3203 | D:4      | Found a sacrificial altar of Ru.
  3523 | D:5      | Entered Level 5 of the Dungeon
  3729 | D:5      | Noticed Prince Ribbit
  3756 | D:5      | Killed Prince Ribbit
  3757 | D:5      | Reached skill level 6 in Fighting
  3757 | D:5      | Reached skill level 5 in Maces & Flails
  4073 | D:5      | Noticed a hornet
  4078 | D:5      | Paralysed by a hornet for 2 turns
  4080 | D:5      | Killed a hornet
  4081 | D:5      | Reached skill level 7 in Fighting
  4081 | D:5      | Reached XP level 7. HP: 66/66 MP: 6/6
  4083 | D:5      | Reached skill level 5 in Armour
  4446 | D:5      | Reached skill level 8 in Fighting
  4446 | D:5      | Reached skill level 5 in Dodging
  4446 | D:5      | Reached XP level 8. HP: 33/74 MP: 7/7
  4639 | D:5      | Found a snail-covered altar of Cheibriados.
  5060 | D:5      | Found Sariyt's Self-Improvement Boutique.
  5728 | D:6      | Reached skill level 9 in Fighting
  5800 | D:6      | Found a glowing drain.
  5804 | Sewer    | Entered a sewer
  6120 | Sewer    | Reached **** piety under Trog
  6950 | D:6      | Found an ornate altar of the Wu Jian Council.
  7057 | D:6      | Reached XP level 9. HP: 84/84 MP: 8/8
  7104 | D:6      | You are sucked into a shaft and drop 3 floors!
  7137 | D:9      | Found a flagged portal.
  7167 | D:9      | Reached skill level 10 in Fighting
  7188 | Bailey   | Entered a bailey
  8564 | Bailey   | Identified the +1 scale mail of the Old World {Rampage
                  | rPois rC-}
  8585 | Bailey   | Noticed a gargoyle
  8590 | Bailey   | Killed a gargoyle
  8768 | Bailey   | Reached skill level 11 in Fighting
  9044 | D:8      | Noticed a tengu warrior
  9045 | D:8      | Noticed a two-headed ogre
  9738 | D:6      | Reached XP level 10. HP: 69/96 MP: 9/9
 10693 | D:7      | Identified the +8 chain mail "Vuir" {Str+4}
 10944 | D:7      | Noticed aeroqp's ghost (novice TeAE)
 10974 | D:7      | Reached ***** piety under Trog
 10981 | D:7      | Noticed Joseph
 10982 | D:7      | Reached skill level 1 in Shields
 11227 | D:7      | Killed Joseph
 11228 | D:7      | Reached skill level 12 in Fighting
 11418 | D:7      | Found a staircase to the Ecumenical Temple.
 11497 | D:7      | Found a runed translucent gate.
 11497 | D:7      | Found a runed translucent gate.
 11497 | D:7      | Found a runed translucent gate.
 11504 | D:7      | Found a radiant altar of Vehumet.
 11822 | D:7      | Killed a tengu warrior
 12029 | D:7      | Killed a two-headed ogre
 12659 | D:7      | Reached skill level 13 in Fighting
 12659 | D:7      | Reached XP level 11. HP: 107/107 MP: 10/10
 13390 | D:8      | Identified the +4 scale mail of Baldness {Regen+ Str+8
                  | Dex-4 Slay-5}
 13493 | D:8      | Reached skill level 10 in Maces & Flails
 13633 | D:8      | Received a gift from Trog
 13652 | D:8      | Found a staircase to the Lair.
 13925 | D:9      | Noticed a two-headed ogre
 13931 | D:9      | Killed a two-headed ogre
 14114 | D:9      | Found a blossoming altar of Fedhas.
 14115 | D:9      | Found a shadowy altar of Dithmenos.
 14558 | D:9      | Found a white marble altar of Elyvilon.
 14694 | D:9      | Reached skill level 5 in Shields
 15004 | D:10     | Entered Level 10 of the Dungeon
 15890 | D:10     | Noticed a boulder beetle
 15911 | D:10     | Killed a boulder beetle
 15912 | D:10     | Reached skill level 14 in Fighting
 15915 | D:10     | Identified the ring of Ziusaab {rElec rC++ rN+ Will- Int+6}
 15921 | D:10     | Noticed a tengu warrior
 15929 | D:10     | Killed a tengu warrior
 15930 | D:10     | Reached skill level 10 in Armour
 16092 | D:10     | Noticed Maurice
 16104 | D:10     | Killed Maurice
 16611 | D:10     | Found an iron altar of Okawaru.
 16614 | D:10     | Found a shimmering blue altar of Sif Muna.
 16615 | D:10     | Found an ancient bone altar of Kikubaaqudgha.
 16616 | D:10     | Found a sparkling altar of Nemelex Xobeh.
 16649 | D:11     | Noticed a deep elf zephyrmancer
 16653 | D:11     | Noticed a wizard
 16709 | Lair:1   | Entered Level 1 of the Lair of Beasts
 17306 | Lair:1   | Reached XP level 12. HP: 118/118 MP: 3/11
 17432 | Lair:1   | Identified the +1 robe of Plasticity {rC+}
 18174 | Lair:2   | Reached skill level 15 in Fighting
 18354 | Lair:2   | Reached skill level 10 in Dodging
 18394 | Lair:2   | Found a staircase to the Swamp.
 18488 | Lair:2   | Identified the +2 mace of Severance {vorpal, rF+ rC+ Int+3}
 19618 | Lair:3   | Found a staircase to the Snake Pit.
 20291 | Lair:4   | Reached skill level 16 in Fighting
 20423 | Lair:4   | Noticed a seven-headed hydra
 20431 | Lair:4   | Killed a seven-headed hydra
 20438 | Lair:4   | Reached XP level 13. HP: 129/129 MP: 4/12
 20791 | Lair:4   | Identified the +6 quarterstaff "Pykk" {vorpal, Will+ Str+2}
                  | (Trog gifted it to you on level 4 of the Lair of Beasts)
 20791 | Lair:4   | Received a gift from Trog
 21836 | Lair:5   | Entered Level 5 of the Lair of Beasts
 22313 | Lair:5   | Identified the +0 scale mail of Mezcal {-Tele Rampage
                  | Dex+6}
 22354 | Lair:5   | Reached skill level 17 in Fighting
 22497 | Lair:5   | Found a staircase to the Slime Pits.
 23572 | Lair:5   | Reached XP level 14. HP: 141/141 MP: 4/13
 23966 | Lair:5   | Reached skill level 10 in Shields
 24341 | Lair:5   | Reached skill level 18 in Fighting
 25808 | D:11     | Reached ****** piety under Trog
 26646 | D:12     | Found a staircase to the Orcish Mines.
 27245 | D:13     | Found a glowing golden altar of the Shining One.
 27672 | D:13     | Found a gate to the Vaults.
 29135 | D:14     | Reached skill level 19 in Fighting
 29242 | D:14     | Received a gift from Trog
 29694 | D:15     | Entered Level 15 of the Dungeon
 29882 | D:15     | Reached XP level 15. HP: 113/152 MP: 4/14
 30826 | D:15     | Identified Roxanne's Reference Book on Shapes
 30826 | D:15     | Noticed Roxanne
 31219 | D:15     | Found a staircase to the Depths.
 31957 | D:15     | Found a portal to a secret trove of treasure.
 32495 | D:15     | Killed Roxanne
 32761 | Orc:1    | Entered Level 1 of the Orcish Mines
 33056 | D:12     | Received a gift from Trog
 34308 | Orc:1    | Found Haatumok's Armour Shop.
 34314 | Orc:1    | Noticed Gastronok
 34338 | Orc:1    | Killed Gastronok
 34912 | Orc:2    | Entered Level 2 of the Orcish Mines
 35405 | Orc:2    | Received a gift from Trog
 35647 | Orc:2    | Reached skill level 20 in Fighting
 37238 | Orc:2    | Found Arifutol's Alliterative Accessories.
 37246 | Orc:2    | Bought a scroll of acquirement for 884 gold pieces
 37246 | Orc:2    | Acquired the +1 hat "Tekky" {Dex+3 Slay+3}
 37259 | Orc:2    | Found a staircase to the Elven Halls.
 37735 | Orc:2    | Received a gift from Trog
 38599 | Orc:2    | Found Ytaq Vou's Weapon Shop.
 38599 | Orc:2    | Found Archaud's Weapon Shop.
 38600 | Orc:2    | Found Zabacw's Weapon Shop.
 38600 | Orc:2    | Found Cextaq's Book Boutique.
 38683 | Elf:1    | Entered Level 1 of the Elven Halls
 38710 | Elf:1    | Identified the +7 spear "Fenoel" {freeze, rC+ SInv Stlth+}
 38920 | Elf:1    | Noticed Peloso's ghost (adept MiFi)
 38926 | Elf:1    | Found a transporter.
 39196 | D:7      | Killed aeroqp's ghost
 39975 | D:5      | Bought a manual of Armour for 1120 gold pieces
 40237 | Elf:1    | Found a transporter.
 40530 | Elf:1    | Reached skill level 15 in Maces & Flails
 40811 | Elf:1    | Reached XP level 16. HP: 165/165 MP: 5/15
 40904 | Elf:1    | Reached skill level 15 in Armour
 42028 | Elf:1    | Acquired 866 gold pieces
 42031 | Elf:1    | Reached skill level 21 in Fighting
 42031 | Elf:1    | Reached XP level 17. HP: 173/173 MP: 5/16
 42213 | Elf:1    | Received a gift from Trog
 42750 | Elf:1    | Noticed Asterion
 42933 | Elf:1    | Killed Asterion
 43523 | Elf:2    | Found a shimmering blue altar of Sif Muna.
 43680 | Elf:2    | Paralysed by an air elemental for 1 turns
 43685 | Elf:2    | Paralysed by an air elemental for 1 turns
 43688 | Elf:1    | Paralysed by an air elemental for 1 turns
 44207 | Elf:2    | Found Saosant's Elven Fire.
 44801 | Elf:2    | Found Ifril's Weapon Boutique.
 45281 | Elf:2    | Found a runed translucent gate.
 45282 | Elf:2    | Found a runed translucent gate.
 45282 | Elf:2    | Found a runed translucent gate.
 47227 | Elf:2    | Noticed a deep elf blademaster
 47243 | Elf:2    | Killed a deep elf blademaster
 47532 | Elf:2    | Noticed Agnes
 47557 | Elf:2    | Reached skill level 22 in Fighting
 47635 | Elf:2    | Killed Agnes
 48026 | Elf:2    | Reached XP level 18. HP: 184/184 MP: 5/17
 48074 | Elf:3    | Entered Level 3 of the Elven Halls
 48169 | Elf:3    | Reached skill level 15 in Dodging
 48951 | Elf:3    | Received a gift from Trog
 49575 | Elf:3    | Reached XP level 19. HP: 193/193 MP: 6/18
 51238 | Elf:3    | Identified the amulet of Vacirit {Spirit Will+++ Regen+
                  | Int-2 Dex-4}
 51262 | Elf:3    | Reached skill level 23 in Fighting
 51305 | Elf:3    | Identified the +7 glaive of Bodily Harmony {venom, rCorr
                  | Str+4}
 51831 | Elf:3    | Identified the ring of Resumed Hostilities {Ice rN+ Slay+5}
 51990 | Elf:3    | Identified the amulet of Ahimeq {rF+ Regen+ Slay+2}
 51995 | Elf:3    | Received a gift from Trog
 52384 | Elf:3    | Identified the +1 spear "Damn" {holy, Str+10 Dex-3 SInv}
 52903 | Snake:1  | Entered Level 1 of the Snake Pit
 52911 | Snake:1  | Identified the +7 hand axe of the Countless Spines {vorpal,
                  | rElec rC+ Will+}
 52975 | Snake:1  | Reached skill level 15 in Shields
 54854 | Snake:1  | Received a gift from Trog
 58219 | Snake:3  | Received a gift from Trog
 58342 | Snake:3  | Noticed Dittersdorf's ghost (adept MiBe)
 58356 | Snake:3  | Found a transporter.
 58406 | Snake:3  | Reached skill level 24 in Fighting
 58542 | Snake:3  | Reached XP level 20. HP: 206/206 MP: 6/19
 59274 | Snake:3  | Found a transporter.
 59479 | Snake:3  | Noticed Donald
 59493 | Snake:3  | Killed Donald
 60291 | Snake:4  | Entered Level 4 of the Snake Pit
 60475 | Snake:4  | Found a transporter.
 60480 | Snake:4  | Found a transporter.
 60483 | Snake:4  | Found a transporter.
 60489 | Snake:4  | Found a transporter.
 61058 | Snake:4  | Found a transporter.
 61062 | Snake:4  | Found a transporter.
 61322 | Snake:4  | Noticed Vashnia
 61675 | Snake:4  | Received a gift from Trog
 61769 | Snake:4  | Killed Vashnia
 63916 | Snake:4  | Got a serpentine rune of Zot
 64167 | Swamp:1  | Entered Level 1 of the Swamp
 64337 | Swamp:1  | Received a gift from Trog
 64529 | Swamp:1  | Found a transporter.
 64536 | Swamp:1  | Noticed Mosidoga's ghost (adept HOBe)
 65010 | Swamp:1  | Found a transporter.
 65025 | Swamp:1  | Found a bloodstained altar of Trog.
 65208 | Swamp:1  | Reached skill level 25 in Fighting
 66232 | Swamp:2  | Acquired a manual of Evocations
 66748 | Swamp:3  | Paralysed by a fenstrider witch for 3 turns
 67075 | Swamp:3  | Reached skill level 1 in Evocations
 68277 | Swamp:3  | Received a gift from Trog
 68461 | Swamp:4  | Entered Level 4 of the Swamp
 68690 | Swamp:4  | Reached XP level 21. HP: 217/217 MP: 6/20
 73040 | Swamp:4  | Got a decaying rune of Zot
 73053 | Swamp:4  | Noticed Nikola
 73752 | Swamp:4  | Killed Nikola
 74101 | Swamp:1  | Killed Mosidoga's ghost
 74584 | Snake:3  | Killed Dittersdorf's ghost
 75268 | Elf:1    | Reached skill level 5 in Evocations
 75288 | Elf:1    | Killed Peloso's ghost
 75514 | Elf:1    | Identified the +1 quarterstaff "Saneosebbiu" {flame, Dex+4}
 75684 | Vaults:1 | Entered Level 1 of the Vaults
 75732 | Vaults:1 | Noticed Saint Roka
 77342 | D:13     | Killed Saint Roka
 78364 | Vaults:1 | Reached skill level 26 in Fighting
 79767 | Vaults:1 | Found Mitub's Armour Emporium.
 79788 | Vaults:1 | Identified the +4 mace "Pipnos" {drain, *Noise +Blink rF+++
                  | Dex+3}
 80640 | Vaults:2 | Received a gift from Trog
 81141 | Vaults:2 | Found Wanotieb's Magic Scroll Emporium.
 81157 | Vaults:2 | Bought 2 scrolls of blinking for 225 gold pieces
 81157 | Vaults:2 | Bought a scroll of enchant weapon for 112 gold pieces
 82386 | Vaults:2 | Reached XP level 22. HP: 183/231 MP: 7/21
 83406 | Vaults:2 | Noticed Aizul
 83417 | Vaults:2 | Killed Aizul
 84103 | Vaults:2 | Found a staircase to the Crypt.
 84195 | Vaults:2 | Received a gift from Trog
 84773 | Abyss:2  | Cast into level 2 of the Abyss (a wizard)
 84781 | Abyss:2  | Noticed a dread lich
 84787 | Abyss:2  | Killed a dread lich
 84806 | Vaults:3 | Escaped the Abyss
 84997 | Vaults:3 | Paralysed by a great orb of eyes for 3 turns
 85087 | Vaults:3 | Identified the +8 mace of the Desolation of Salt {flame,
                  | rElec rPois Int-5 Stlth+} (Trog gifted it to you on level 3
                  | of the Vaults)
 85087 | Vaults:3 | Received a gift from Trog
 85624 | Vaults:3 | Reached skill level 27 in Fighting
 87109 | Vaults:4 | Acquired a +8 eveningstar of protection
 87280 | Vaults:4 | Received a gift from Trog
 87306 | Vaults:4 | Reached skill level 10 in Evocations
 88568 | Vaults:4 | Found Uhit's Book Boutique.
 88576 | Vaults:4 | Bought a manual of Evocations for 1040 gold pieces
 88956 | Vaults:5 | Entered Level 5 of the Vaults
 89029 | Vaults:4 | Reached XP level 23. HP: 186/240 MP: 7/22
 89417 | Vaults:4 | Received a gift from Trog
 90059 | Vaults:5 | Paralysed by a sphinx for 2 turns
 91284 | Vaults:5 | Gained mutation: You have hidden genetic defects. [a
                  | shining eye]
 92579 | Vaults:4 | Received a gift from Trog
 94040 | Vaults:4 | Gained mutation: You sometimes lose your temper in combat.
                  | [hidden defects]
 95937 | Vaults:5 | Identified the +4 scale mail of the Bulwark {rPois rF-
                  | Regen+ Int-2}
 96065 | Vaults:5 | Found the +3 pair of seven-league boots {Rampage+∞}
 96267 | Vaults:5 | Got a silver rune of Zot
 96346 | Vaults:5 | Found Fejoqad's Distillery.
 96354 | Vaults:5 | Bought a potion of curing for 60 gold pieces
 96354 | Vaults:5 | Bought a potion of invisibility for 160 gold pieces
 96354 | Vaults:5 | Bought a potion of haste for 200 gold pieces
 96354 | Vaults:5 | Bought a potion of haste for 200 gold pieces
 96784 | D:13     | Acquired the +8 tower shield "Koyhim" {Rampage Str+4}
 96896 | Crypt:1  | Entered Level 1 of the Crypt
 97206 | Crypt:1  | Received a gift from Trog
 97517 | Crypt:1  | You fall into a shaft and drop 1 floor!
 97570 | Crypt:2  | Gained mutation: You occasionally lose the ability to drink
                  | potions when taking damage. [hidden defects]
 97570 | Crypt:2  | Lost mutation: You have hidden genetic defects. [hidden
                  | defects expressed]
 99172 | Crypt:1  | Reached XP level 24. HP: 249/249 MP: 7/22
 99781 | Crypt:2  | Received a gift from Trog
100683 | Crypt:3  | Entered Level 3 of the Crypt
100683 | Crypt:3  | Noticed Sojobo
100683 | Crypt:3  | Noticed a dread lich
101649 | Crypt:2  | Killed a dread lich
103377 | Crypt:3  | Found a staircase to the Tomb.
103606 | Crypt:2  | Received a gift from Trog
104275 | Crypt:3  | Killed Sojobo
106041 | Crypt:3  | Received a gift from Trog
107463 | Tomb:1   | Entered Level 1 of the Tomb of the Ancients
108433 | Tomb:1   | Paralysed by a sphinx for 4 turns
108441 | Tomb:1   | Received a gift from Trog
108444 | Tomb:1   | Paralysed by a sphinx for 2 turns
111926 | Tomb:1   | Noticed a royal mummy
111941 | Tomb:1   | Reached skill level 15 in Evocations
112610 | Tomb:1   | Killed a royal mummy
113755 | Tomb:1   | Noticed a royal mummy
114177 | Tomb:1   | Killed a royal mummy
114177 | Tomb:1   | Lost intelligence.
114298 | Tomb:1   | Glimpsed the power of Zot.
114389 | Tomb:2   | Noticed a royal mummy
114391 | Tomb:2   | Noticed a royal mummy
114394 | Tomb:2   | Noticed a royal mummy
114399 | Tomb:2   | Noticed a royal mummy
114399 | Tomb:2   | Noticed a royal mummy
114410 | Tomb:2   | HP: 3/239 [mummy priest/divine providence (15)]
114411 | Tomb:2   | Slain by a death scarab

Illustrated notes

Levels and vault maps discovered:
D:1:      dpeg_arrival_shelter, layout_basic, serial_corexii_hall,
          chequers_hall_statues_y, corexii_hall_statues_x,
          corexii_hall_statues_l, minmay_pentomino_r4
D:2:      layout_basic, ebering_ecumenical_altar_mist, uniq_terence
D:3:      layout_rooms
D:4:      layout_gridville, mainiacjoe_overflow_six_doors_small,
          cheibrodos_ashenzari_chains, nicolae_ru_sacrificial_ziggurat,
          minmay_misc_feat_four_crosses, chequers_mini_garden,
          nicolae_shop_vocational
D:5:      layout_basic, slow_altar_1, nicolae_shop_self_help,
          uniq_prince_ribbit1
D:6:      layout_basic, nicolae_wu_jian_immortal_techniques,
          gup_sewer_entry_spiral
D:7:      layout_cave_pools, fiery_altar_vehumet,
          minmay_temple_entry_mini_moons, gammafunk_ghost_icy,
          minmay_misc_feat_tower, minmay_misc_feat_plants, minmay_lizard_king,
          uniq_joseph
D:8:      minmay_cut_squares, layout_cave_pools, minmay_lair_entry_grove,
          serial_bayou_pond_c
D:9:      layout_loops_ring, nicolae_elyvilon_peaceful_grove,
          nicolae_overflow_hidden_temple, enter_bailey_5,
          chequers_serial_rivers_micro_d, kennysheep_generic_room_13
D:10:     layout_loops_corners, mainiacjoe_overflow_alcove_3,
          minmay_diamond_spiral, uniq_maurice
D:11:     layout_loops_cross, bh_hangedman_babel_library
D:12:     layout_roguey, orc_0_dummy
D:13:     nicolae_BIG_FREAKIN_CUBE, layout_loops_cross, erik_vaults_2,
          nicolae_tso_swordbearing_angel
D:14:     layout_basic, minmay_staircase_statues
D:15:     gammafunk_enter_depths_forms, layout_basic,
          nicolae_trove_entry_path_of_doom, patterned_corridor, uniq_roxanne
Lair:1:   layout_chaotic_city, serial_bayou_shore_a
Lair:2:   layout_cave_pods, skrybe_swamp_entry_bodies, serial_forest,
          infiniplex_forest_end_double, infiniplex_forest_diagonal,
          infiniplex_forest_clump_small, infiniplex_forest_lined_2,
          nicolae_lair_grove_arrangements
Lair:3:   layout_roguey, guppyfry_snake_entry_garden
Lair:4:   lemuel_slime, layout_small_grid
Lair:5:   guppyfry_lair_end_dragon, layout_hall_layers,
          hangedman_lair_caniforms_friends, minmay_slime_entry_oklob_enclosed
Swamp:1:  nicolae_swamp_tree_isthmus, layout_basic_swamp,
          gammafunk_ghost_wrathful_warriors, hangedman_swamp_pad, swamp_pool4,
          nicolae_swamp_bean_lake
Swamp:2:  layout_basic_swamp, serial_swamp_ruin, evilmike_swamp_ruin_house_5,
          evilmike_swamp_ruin_house_1, evilmike_swamp_ruin_rubble_1
Swamp:3:  layout_basic_swamp, evilmike_swamp_ruin_house_4,
          infiniplex_staircase_pool
Swamp:4:  swamp, layout_basic_swamp, uniq_nikola
Snake:1:  layout_basic, grunt_megastairs_4
Snake:2:  layout_misc_corridors
Snake:3:  layout_misc_corridors, gammafunk_ghost_arena,
          nicolae_snake_salamander_fort, uniq_donald
Snake:4:  grunt_snake_rune_pools, layout_cave_town, nicolae_snake_squiggles,
          serial_nicolae_subway, nicolae_sub_station_metal,
          nicolae_sub_station_crystal, nicolae_sub_station_stone, uniq_vashnia
Orc:1:    layout_diamond_mine, serial_shops, nicolae_shop_hallway_stairs,
          minmay_orc_temple_c, uniq_gastronok
Orc:2:    st_orc_pillars, layout_caves, nicolae_alphabet_shops
Elf:1:    nicolae_elf_arrival_fired_up, layout_gridlike, gammafunk_ghost_arena,
          minmay_elf_necromancy, grunt_megastairs_1, uniq_asterion
Elf:2:    nicolae_elf_blades_crystal_corner, layout_onion_city, serial_shops,
          nicolae_shop_trees, basic_altar, guppyfry_elf_lava, uniq_agnes
Elf:3:    minmay_elf_hall_curves, layout_geoelf_grid
Vaults:1: hangedman_vaults_corner_blocks, ontoclasm_vaults_ligature,
          nicolae_vaults_gold_heap, v_misc_18, hangedman_vaults_stream,
          hangedman_vaults_locks, v_misc_32, v_pattern_1,
          vaults_room_semicircle, v_misc_18, nicolae_vaults_shelves_hall,
          layout_vaults_omnigrid, serial_shops,
          nicolae_shop_temple_entry_statues_fountains, uniq_saint_roka
Vaults:2: ontoclasm_vaults_misaligned, minmay_crypt_entry_simple_plaza,
          v_misc_14, grunt_vaults_funnel, nicolae_vaults_network_periphery,
          vaults_dpeg_ring, serial_ice_h, vaults_mumra_minichess,
          v_alt_pattern_1, nicolae_vaults_little_ls, v_misc_1,
          nicolae_vaults_three_branches, layout_vaults_big_room, serial_shops,
          nicolae_shop_hallway_stairs, uniq_aizul
Vaults:3: nicolae_vaults_alarming, nicolae_vaults_twisting_passages,
          hangedman_vaults_restitches, v_misc_9, vaults_standard_mumra_lines,
          nicolae_vaults_stairing_the_circle, nicolae_vaults_display_case,
          ontoclasm_vaults_decontamination, layout_vaults_omnicross,
          serial_shops, bzr_entry_gold
Vaults:4: ontoclasm_vaults_spin, hangedman_vaults_corner, vaults_room_door_ring,
          nicolae_vaults_windows_and_doors_thing, dpeg_vaults_monster_box,
          v_misc_3, v_misc_14, v_rooms_4, vaults_room_octagon, v_misc_17,
          nicolae_vaults_ring_of_whatevers, grunt_vaults_hallway_short,
          layout_vaults_ring, serial_shops, shop
Vaults:5
Crypt:1:  layout_basic, corexii_hall_statues_deadend
Crypt:2:  layout_gridlike, skrybe_necro_troll_2, grunt_megastairs_3
Crypt:3:  due_elkab, layout_chaotic_city, nicolae_tomb_entry_grand_gallery,
          uniq_sojobo
Tomb:1
Tomb:2

Skill      XL: |  1  2  3  4  5  6  7  8  9 10 11 12 13 14 15 16 17 18 19 20 21 22 23 24 |
---------------+-------------------------------------------------------------------------+-----
Fighting       | 4 5 7 8 9 11 13 14 16 17 19 20 21 22 24 25 26 27 | 27.0
Maces & Flails | 4 5 6 7 8 9 10 11 13 14 15 16 17 18 19 20 21 22 | 22.4
Armour         | 3 4 5 6 8 9 10 11 12 13 14 15 17 19 21 22 23 24 | 24.4
Dodging        | 3 4 5 6 7 8 9 10 11 12 13 14 15 16 17 18 19 20 | 20.5
Shields        | 3 6 8 9 11 12 13 14 15 16 17 18 20 21 | 21.0
Evocations     | 2 7 10 13 15 | 15.2

Action                   |  1- 3 |  4- 6 |  7- 9 | 10-12 | 13-15 | 16-18 | 19-21 | 22-24 || total
-------------------------+-------+-------+-------+-------+-------+-------+-------+-------++-------
Melee: Mace              |    97 |    98 |   406 |     3 |       |       |       |       ||   604
       Headbutt          |     6 |    15 |    76 |   125 |   376 |    96 |   590 |   760 ||  2044
       Punch             |       |       |     5 |     1 |       |       |       |       ||     6
       Flail             |       |       |       |   223 |       |       |       |       ||   223
       Morningstar       |       |       |       |   394 |  1523 |   421 |  1952 |  2027 ||  6317
Throw: Dart              |       |       |       |       |       |     2 |       |       ||     2
       Boomerang         |       |       |       |       |       |     4 |       |       ||     4
Invok: Berserk           |       |     4 |    11 |     7 |    15 |     4 |    20 |    19 ||    80
       Trog's Hand       |       |       |     4 |     1 |     3 |     3 |     2 |     2 ||    15
       Brothers in Arms  |       |       |       |       |       |     1 |     1 |     1 ||     3
Evoke: Wand              |       |       |       |       |       |       |       |     1 ||     1
  Use: Scroll            |       |       |    16 |     8 |     2 |     4 |    11 |     9 ||    50
       Potion            |       |       |       |       |     2 |     6 |     4 |     2 ||    14
 Stab: Distracted        |       |       |       |       |       |       |     1 |       ||     1
Armor: Animal skin       |     1 |       |       |       |       |       |       |       ||     1
       Ring mail         |    31 |    21 |       |       |       |       |       |       ||    52
       Scale mail        |       |    14 |   242 |    33 |       |       |       |       ||   289
       Chain mail        |       |       |       |   412 |   527 |   152 |   642 |   673 ||  2406
Dodge: Dodged            |    55 |    49 |   288 |   377 |   855 |   281 |  1357 |  1207 ||  4469
Block: Kite shield       |       |       |       |   281 |   833 |   202 |  1414 |   828 ||  3558
       Tower shield      |       |       |       |       |       |       |       |  1183 ||  1183
